 Dungeon Crawl Stone Soup version 0.25-a0-561-g0977b4d109 (webtiles) character file.

Game seed: 16058894407555056640, levelgen mode: deterministic

26 Flugslaktarn the Shield-Bearer (level 2, -2/27 HPs)
             Began as a Minotaur Fighter on Feb 25, 2020.
             Killed by divine providence
             ... invoked by an orc priest
              (12 damage)
             ... on level 4 of the Dungeon.
             The game lasted 00:00:18 (401 turns).

Flugslaktarn the Shield-Bearer (Minotaur Fighter)    Turns: 401, Time: 00:00:18

Health: -2/27      AC:  9    Str: 20    XL:     2   Next: 89%
Magic:  1/1        EV:  5    Int:  5    God:
Gold:   6          SH:  9    Dex:  9    Spells: 1/1 levels left

rFire    . . .     SeeInvis .   a - +0 war axe
rCold    . . .     Gourm    .   c - +0 kite shield
rNeg     . . .     Faith    .   j - +0 chain mail
rPois    .         Spirit   .   (helmet restricted)
rElec    .         Reflect  .   (no cloak)
rCorr    .         Harm     .   (no gloves)
MR       .....                  (no boots)
Stlth    ..........             (no amulet)
HPRegen  0.09/turn              (no ring)
MPRegen  0.07/turn              (no ring)

@: no status effects
A: retaliatory headbutt, horns 2
a: no special abilities


You were on level 4 of the Dungeon.
You were not hungry.

You visited 1 branch of the dungeon, and saw 4 of its levels.

You collected 6 gold pieces.

Inventory:

Hand Weapons
 a - a +0 war axe (weapon)
Armour
 b - a +0 scale mail
 c - a +0 kite shield (worn)
 j - a +0 chain mail (worn)
   (You took it off a kobold on level 2 of the Dungeon)
Scrolls
 k - 3 scrolls of enchant armour {unknown}
 l - a scroll of blinking {unknown}
 m - a scroll of identify {unknown}
Potions
 d - a potion of might
 f - 2 potions of lignification {unknown}
 g - a potion of cancellation {unknown}
 i - a potion of degeneration {unknown}
Comestibles
 e - 3 rations
 h - 8 chunks of flesh


   Skills:
 + Level 3.9 Fighting
 * Level 3.2 Axes
 + Level 3.9 Armour
 + Level 4.0 Shields


You had one spell level left.
You didn't know any spells.
Your spell library was empty.

Dungeon Overview and Level Annotations

Branches:
Dungeon (4/15)
 Temple: D:4-7

Altars:


Innate Abilities, Weirdness & Mutations

You reflexively headbutt those who attack you in melee.
You have a pair of horns on your head.


Message History

The orc priest is moderately wounded.
The orc priest mumbles some strange prayers to Beogh against you.
Beogh smites you!
The orc wizard mumbles some strange words.
The orc wizard seems to speed up.
You completely miss the orc priest.
The orc priest is moderately wounded.
The orc priest hits you but does no damage. x2
You hit the orc priest.
The orc priest is heavily wounded.
The orc priest hits you but does no damage.
The orc wizard casts a spell.
The orc wizard blinks!
You barely miss the orc priest.
The orc priest is heavily wounded.
The orc wizard points at you and mumbles some strange words.
The magic dart hits you!
The orc priest invokes the aid of Beogh against you.
Beogh smites you!
You die...

###
..#
#.#
.o.
#o#
#o#
#@#
#<#
#...o#
####.#
..#
###


You could see an orc priest, an orc wizard and 2 orcs.

Vanquished Creatures
  An adder (D:2)
  A worm (D:2)
  A dart slug (D:1)
  A goblin (D:2)
  2 hobgoblins
  A ball python (D:1)
  A bat (D:2)
  2 frilled lizards (D:2)
  A kobold (D:2)
  5 rats
16 creatures vanquished.

Notes
Turn   | Place    | Note
-------+----------+-------------------------------------------
     0 | D:1      | Flugslaktarn the Minotaur Fighter began the quest for the
                  | Orb.
     0 | D:1      | Reached XP level 1. HP: 19/19 MP: 0/0
   174 | D:2      | Reached XP level 2. HP: 21/27 MP: 1/1
   388 | D:3      | Reached skill level 4 in Shields
   401 | D:4      | Killed from afar by an orc priest

Levels and vault maps discovered:
D:1:      dpeg_arrival_tiny_j, layout_loops_ring
D:2:      minmay_razor_zed, layout_basic, minitemple, hangedman_decor_slide_cut
D:3:      layout_loops_ring, uniq_terence
D:4:      layout_basic

Skill      XL: |  1  2 |
---------------+-------+-----
Axes           | 3 |  3.2
Shields        | 4 |  4.0
Fighting       | |  3.9
Armour         | |  3.9

Action                   || total
-------------------------++-------
Melee: War axe           ||    35
       Headbutt          ||     6
Armor: Scale mail        ||    13
       Chain mail        ||     3
Dodge: Dodged            ||     6
Block: Kite shield       ||    12

Table legend:
 A = Non-vault XP
 B = Vault XP
 C = Vault XP percentage of total XP
 D = Non-vault monster count
 E = Vault monster count
 F = Vault count percentage of total count
                 A         B        C        D         E       F
            +---------+---------+-------+---------+---------+-------
      Total |      38 |       0 |   0.0 |      16 |       0 |   0.0
            +---------+---------+-------+---------+---------+-------
        D:1 |       9 |       0 |   0.0 |       5 |       0 |   0.0
        D:2 |      28 |       0 |   0.0 |      10 |       0 |   0.0
        D:3 |       1 |       0 |   0.0 |       1 |       0 |   0.0
            +---------+---------+-------+---------+---------+-------
